 Dungeon Crawl Stone Soup version 0.27.0-1-g7a08968 (webtiles) character file.

Game seed: 10907389139977378887

321 Illumine the Chiller (level 6, -4/44 HPs)
             Began as a Gnoll Ice Elementalist on Aug 25, 2021.
             Slain by Duvessa (9 damage)
             ... on level 4 of the Dungeon.
             The game lasted 00:05:46 (3049 turns).

Illumine the Chiller (Gnoll Ice Elementalist)       Turns: 3049, Time: 00:05:46

Health: -4/44      AC:  9    Str:  8    XL:     6   Next: 46%
Magic:  6/14       EV: 13    Int: 16    God:
Gold:   230        SH:  0    Dex: 12    Spells: 8/15 levels left

rFire    . . .     SeeInvis .   l - +1 dagger (venom)
rCold    . . .     Faith    .   (no shield)
rNeg     . . .     Spirit   .   a - +0 robe
rPois    .         Reflect  .   (no helmet)
rElec    .         Harm     .   (no cloak)
rCorr    .         Rampage  .   (no gloves)
Will     .....                  (no boots)
Stlth    +++.......             (no amulet)
HPRegen  0.14/turn              (no ring)
MPRegen  0.14/turn              (no ring)

@: lethally poisoned (-4 -> -7), ice-armoured, freezing walls
A: fangs 1, strong nose, distributed training
a: no special abilities


You were on level 4 of the Dungeon.
You visited 1 branch of the dungeon, and saw 4 of its levels.

You collected 230 gold pieces.

Inventory:

Hand Weapons
 c - a +0 dagger
 l - a +1 dagger of venom (weapon)
Missiles
 m - 37 bolts
Armour
 a - a +0 robe (worn)
Jewellery
 e - a +6 ring of strength
Scrolls
 b - 2 scrolls of noise {unknown}
 f - 2 scrolls of identify {unknown}
 g - 2 scrolls of immolation {unknown}
 k - 2 scrolls of teleportation {unknown}
Potions
 d - a potion of might {unknown}
 h - a potion of attraction {unknown}
 i - 3 potions of curing {unknown}
 j - a potion of lignification {unknown}


   Skills:
 + Level 2.0 Fighting
 + Level 2.0 Short Blades
 + Level 2.0 Long Blades
 + Level 2.0 Axes
 + Level 2.0 Maces & Flails
 + Level 2.0 Polearms
 + Level 2.0 Staves
 + Level 2.0 Slings
 + Level 2.0 Bows
 + Level 2.0 Crossbows
 + Level 2.0 Throwing
 + Level 2.0 Armour
 + Level 5.0 Dodging
 + Level 4.6 Stealth
 + Level 2.0 Shields
 + Level 2.0 Unarmed Combat
 + Level 5.4 Spellcasting
 + Level 1.5 Conjurations
 + Level 1.5 Hexes
 + Level 1.5 Summonings
 + Level 1.5 Necromancy
 + Level 1.5 Translocations
 + Level 1.5 Transmutations
 + Level 1.5 Fire Magic
 + Level 7.3 Ice Magic
 + Level 1.5 Air Magic
 + Level 1.5 Earth Magic
 + Level 1.5 Poison Magic
 + Level 2.2 Invocations
 + Level 2.0 Evocations


You had 8 spell levels left.
You knew the following spells:

 Your Spells              Type           Power      Damage    Failure   Level
a - Freeze                Ice            100%       1d11      1%          1
b - Frozen Ramparts       Ice            54%        1d7       2%          3
c - Ozocubu's Armour      Ice            27%        N/A       2%          3

Your spell library contained the following spells:

 Spells                   Type           Power      Damage    Failure   Level
 Pain                     Necr           36%        1d5       8%          1
 Hailstorm                Conj/Ice       18%        3d6       24%         4
 Agony                    Necr           9%         N/A       91%         5
 Excruciating Wounds      Necr           4%         N/A       91%         5


Dungeon Overview and Level Annotations

Branches:
Dungeon (4/15)
 Temple: D:4-7

Altars:
Trog

Annotations:
D:4 1 runed translucent door, Duvessa; Tonic's ghost, amateur OgFE


Innate Abilities, Weirdness & Mutations

You have very sharp teeth.
Your uncanny sense of smell can sniff out nearby items.
Your experience applies equally to all skills.


Message History

Duvessa goes berserk!
Casting: Freeze (safe; 1% risk of failure)
Confirm with . or Enter, or press ? or * to list all spells.
Casting: Frozen Ramparts (dangerous; 2% risk of failure)
Press: ? - help, Dir - look around, f - activate The walls around you are covered in ice.
The wall freezes Duvessa.
The wall freezes the adder.
The adder bites you.
You are poisoned.
The adder poisons you!
The wall freezes Duvessa.
You hear an angry hiss.
You feel sick.
The wall freezes the adder!
You kill the adder!
The wall freezes Duvessa.
Casting: Frozen Ramparts (dangerous; 2% risk of failure)
Confirm with . or Enter, or press ? or * to list all spells.
Aiming: Freeze (safe; 1% risk of failure)
Press: ? - help, Shift-Dir - straight line, f - Duvessa
Aim: Duvessa, wielding a +0 short sword and wearing a +0 scale mail (moderately wounded, berserk)
You freeze Duvessa!
Duvessa is moderately wounded.
You feel sick.
The wall freezes Duvessa.
Duvessa hits you with a +0 short sword!
The wall freezes Duvessa.
Duvessa hits you with a +0 short sword!
* * * LOW HITPOINT WARNING * * *
Casting: Freeze (safe; 1% risk of failure)
Confirm with . or Enter, or press ? or * to list all spells.
A film of ice covers your body!
You feel sick.
The wall freezes Duvessa.
Duvessa hits you with a +0 short sword.
* * * LOW HITPOINT WARNING * * *
Unknown command.
Casting: Ozocubu's Armour (dangerous; 2% risk of failure)
Confirm with . or Enter, or press ? or * to list all spells.
Aiming: Freeze (safe; 1% risk of failure)
Press: ? - help, Shift-Dir - straight line, f/p - Duvessa
Aim: Duvessa, wielding a +0 short sword and wearing a +0 scale mail (heavily wounded, berserk)
You freeze Duvessa.
Duvessa is heavily wounded.
You feel sick.
The wall freezes Duvessa.
Duvessa hits you but does no damage.
The wall freezes Duvessa.
Duvessa hits you with a +0 short sword!
You die...

... .. .....#.
.#.#.#.####
..........#
#..<...# #...#
##.## #e# # #@##
.# #..###.##
#.#####)..#...#
#..............
#..####...#...#
####.####..###.##
#.....#.....# .#
..###..>....# #
..##⌠##......##.#


You could see Duvessa (berserk).

Vanquished Creatures
  Dowan (D:4)
  2 orc priests
  An orc wizard (D:2)
  3 gnolls (D:2)
  8 adders
  A worm (D:2)
  A dart slug (D:3)
  9 orcs
  6 ball pythons
  6 endoplasms
  4 giant cockroaches
  4 goblins
  5 hobgoblins
  6 jackals
  6 kobolds
  4 quokkas
  4 bats
  3 frilled lizards
  5 rats
79 creatures vanquished.

Vanquished Creatures (others)
  3 fungi (D:2)
  5 plants (D:2)
8 creatures vanquished.

Grand Total: 87 creatures vanquished

Notes
Turn   | Place    | Note
-------+----------+-------------------------------------------
     0 | D:1      | Illumine the Gnoll Ice Elementalist began the quest for the
                  | Orb.
     0 | D:1      | Reached XP level 1. HP: 13/13 MP: 6/6
   411 | D:1      | Reached XP level 2. HP: 19/19 MP: 5/7
   962 | D:2      | Reached XP level 3. HP: 24/25 MP: 6/9
   969 | D:2      | Reached skill level 5 in Spellcasting
  1047 | D:2      | Reached skill level 1 in Invocations
  1065 | D:2      | Reached skill level 1 in Fighting
  1065 | D:2      | Reached skill level 1 in Short Blades
  1065 | D:2      | Reached skill level 1 in Long Blades
  1065 | D:2      | Reached skill level 1 in Axes
  1065 | D:2      | Reached skill level 1 in Maces & Flails
  1065 | D:2      | Reached skill level 1 in Polearms
  1065 | D:2      | Reached skill level 1 in Staves
  1065 | D:2      | Reached skill level 1 in Slings
  1065 | D:2      | Reached skill level 1 in Bows
  1065 | D:2      | Reached skill level 1 in Crossbows
  1065 | D:2      | Reached skill level 1 in Throwing
  1065 | D:2      | Reached skill level 1 in Armour
  1065 | D:2      | Reached skill level 1 in Shields
  1065 | D:2      | Reached skill level 1 in Unarmed Combat
  1065 | D:2      | Reached skill level 1 in Evocations
  1212 | D:2      | Learned a level 3 spell: Frozen Ramparts
  1216 | D:2      | Learned a level 3 spell: Ozocubu's Armour
  1248 | D:2      | Reached XP level 4. HP: 29/32 MP: 8/11
  1492 | D:2      | Found a faded altar of an unknown god.
  1536 | D:2      | Reached skill level 1 in Conjurations
  1536 | D:2      | Reached skill level 1 in Hexes
  1536 | D:2      | Reached skill level 1 in Summonings
  1536 | D:2      | Reached skill level 1 in Necromancy
  1536 | D:2      | Reached skill level 1 in Translocations
  1536 | D:2      | Reached skill level 1 in Transmutations
  1536 | D:2      | Reached skill level 1 in Fire Magic
  1536 | D:2      | Reached skill level 1 in Air Magic
  1536 | D:2      | Reached skill level 1 in Earth Magic
  1536 | D:2      | Reached skill level 1 in Poison Magic
  1547 | D:2      | Reached XP level 5. HP: 37/37 MP: 2/12
  2490 | D:3      | Found a bloodstained altar of Trog.
  2542 | D:3      | Reached XP level 6. HP: 39/44 MP: 5/13
  2946 | D:4      | Noticed Tonic's ghost (amateur OgFE)
  2947 | D:4      | Found a runed translucent door.
  2977 | D:4      | Noticed Dowan
  2985 | D:4      | Killed Dowan
  2986 | D:4      | Reached skill level 5 in Dodging
  3040 | D:4      | Noticed Duvessa
  3049 | D:4      | Slain by Duvessa

Illustrated notes

Levels and vault maps discovered:
D:1:      minmay_arrival_stair_chambers, layout_loops_ring
D:2:      cheibrodos_pilgrimage, layout_basic,
          dreamdust_ecumenical_altar_hidden_monk_grotto
D:3:      layout_rooms, trog_three_pillars_becter
D:4:      layout_loops_ring, hellmonk_ghost_happy_afterlife, uniq_blork_the_orc,
          uniq_duvessa

Skill      XL: |  1  2  3  4  5  6 |
---------------+-------------------+-----
Spellcasting   | 5 |  5.4
Invocations    | 1 2 |  2.2
Fighting       | 1 2 |  2.0
Short Blades   | 1 2 |  2.0
Long Blades    | 1 2 |  2.0
Axes           | 1 2 |  2.0
Maces & Flails | 1 2 |  2.0
Polearms       | 1 2 |  2.0
Staves         | 1 2 |  2.0
Slings         | 1 2 |  2.0
Bows           | 1 2 |  2.0
Crossbows      | 1 2 |  2.0
Throwing       | 1 2 |  2.0
Armour         | 1 2 |  2.0
Shields        | 1 2 |  2.0
Unarmed Combat | 1 2 |  2.0
Evocations     | 1 2 |  2.0
Conjurations   | 1 |  1.5
Hexes          | 1 |  1.5
Summonings     | 1 |  1.5
Necromancy     | 1 |  1.5
Translocations | 1 |  1.5
Transmutations | 1 |  1.5
Fire Magic     | 1 |  1.5
Air Magic      | 1 |  1.5
Earth Magic    | 1 |  1.5
Poison Magic   | 1 |  1.5
Dodging        | 5 |  5.0
Stealth        | |  4.6
Ice Magic      | |  7.3

Action                   |  1- 3 |  4- 6 || total
-------------------------+-------+-------++-------
Melee: Dagger            |       |    11 ||    11
 Cast: Freeze            |    40 |    48 ||    88
       Frozen Ramparts   |       |    20 ||    20
       Ozocubu's Armour  |       |     1 ||     1
 Stab: Sleeping          |       |     2 ||     2
Armor: Robe              |     3 |     5 ||     8
Dodge: Dodged            |    22 |    28 ||    50
